 Dungeon Crawl Stone Soup version 0.21.0-25-ge575cb9ce8 (webtiles) character file.

555624 bjoernd the Slayer (level 27, -8/186 HPs)
             Began as a Gargoyle Berserker on Jan 22, 2018.
             Was a High Priest of Trog.
             Mangled by a golden dragon (10 damage)
             ... on level 5 of the Vaults on Jan 25, 2018.
             The game lasted 04:22:17 (69660 turns).

bjoernd the Slayer (Gargoyle Berserker)            Turns: 69660, Time: 04:22:17

Health: -8/186     AC: 59    Str: 33    XL:     27
Magic:  29/29      EV: 18    Int:  7    God:    Trog [*****.]
Gold:   2954       SH:  3    Dex: 12    Spells: 26/26 levels left

rFire    + + +     SeeInvis +   O - +7 lajatang (protect)
rCold    + . .     Gourm    .   (shield currently unavailable)
rNeg     + + .     Faith    .   h - +5 fire dragon scales
rPois    ∞         Spirit   .   U - +1 helmet {SInv}
rElec    +         Reflect  +   W - scarf {rC+ rF+}
rCorr    .         Harm     .   b - +3 pair of gauntlets of War {Slay+5}
MR       +++++                  r - +2 pair of boots
Stlth    ++........             Z - +3 amulet of reflection
HPRegen  1.41/turn              E - ring of the Townfolk {+Blink rC+ rN+ Str+3}
MPRegen  0.21/turn              f - ring of protection from magic

@: about to teleport, protection aura, flying, regenerating
A: big wings, clumsy 1, negative energy resistance 1, electricity resistance,
unbreathing, petrification resistance, rot immunity, AC +20
}: 2/15 runes: serpentine, barnacled
a: Stop Flying, Berserk, Trog's Hand, Brothers in Arms, Burn Spellbooks,
Renounce Religion, Evoke Blink


You were on level 5 of the Vaults.
You worshipped Trog.
Trog was extremely pleased with you.
You were not hungry.

You visited 8 branches of the dungeon, and saw 44 of its levels.
You visited the Abyss 1 time.
You also visited: Ossuary and Ice Cave.

You collected 5747 gold pieces.
You spent 2793 gold pieces at shops.

Inventory:

Hand Weapons
 t - a +9 longbow of flaming
 D - the +5 longbow of the Shining Light {flame, *Slow rElec rN+++ Stlth-}
   (Trog gifted it to you on level 3 of the Depths)

   It causes projectiles fired from it to burn those they strike, causing extra
   injury to most foes and up to half again as much damage against particularly
   susceptible opponents.
   It insulates you from electricity.
   It renders you almost immune to negative energy.
   It may slow you when you take damage.
   It makes you less stealthy.
 O - a +7 lajatang of protection (weapon)
 X - the +1 great mace of Tumult {flame, *Corrode rC+ Str+4}
   (You took it off a deep elf sorcerer on level 3 of the Elven Halls)

   It has been specially enchanted to burn those struck by it, causing extra
   injury to most foes and up to half again as much damage against particularly
   susceptible opponents.
   It affects your strength (+4).
   It protects you from cold.
   It may corrode you when you take damage.
Missiles
 B - 1335 arrows
Armour
 b - the +3 pair of gauntlets of War (worn) {Slay+5}
   (You found it in an ice cave)

   It affects your accuracy and damage with ranged weapons and melee attacks
   (+5).
 h - +5 fire dragon scales (worn)
 r - a +2 pair of boots (worn)
 U - a +1 helmet of see invisible (worn)
 W - a scarf of resistance (worn)
Jewellery
 e - the amulet "Iguocuicw" {Reflect rC+ Slay+6 SH+5}
   (You found it in an ice cave)

   [amulet of reflection]

   It shields you and reflects attacks.
   It affects your accuracy and damage with ranged weapons and melee attacks
   (+6).
   It protects you from cold.
   It affects your SH (+5).
 f - a ring of protection from magic (right hand)
 i - a +5 ring of strength
 s - an uncursed ring of stealth
 v - a +3 amulet of reflection
 z - an uncursed ring of protection from magic
 C - a +3 ring of protection
 E - the ring of the Townfolk (left hand) {+Blink rC+ rN+ Str+3}
   (You found it on level 8 of the Dungeon)

   [ring of positive energy]

   It affects your strength (+3).
   It protects you from cold.
   It protects you from negative energy.
   It lets you blink.
 K - an uncursed ring of fire
 Z - a +3 amulet of reflection (around neck)
Wands
 a - a wand of polymorph (16)
 l - a wand of enslavement (32)
 n - a wand of random effects (41)
 p - a wand of paralysis (31)
 G - a wand of digging (16)
 J - a wand of iceblast (13)
 Q - a wand of disintegration (56)
 T - a wand of acid (21)
 V - a wand of scattershot (13)
Scrolls
 d - 13 scrolls of remove curse
 m - 8 scrolls of magic mapping
 q - 11 scrolls of teleportation
 I - 4 scrolls of fear
 N - 4 scrolls of fog
 S - 2 scrolls of holy word
Potions
 g - 7 potions of mutation
 j - 17 potions of curing
 k - 3 potions of agility
 o - 4 potions of brilliance
 w - 2 potions of resistance
 x - 9 potions of haste
 F - 4 potions of might
 H - 2 potions of invisibility
 L - 2 potions of cancellation
 P - 4 potions of ambrosia
Miscellaneous
 u - 6 phantom mirrors
 A - a lamp of fire
 M - a lamp of fire
 Y - a lightning rod (4/4)
Comestibles
 c - 32 rations


   Skills:
 + Level 22.9 Fighting
 - Level 10.0(15.8) Maces & Flails
 - Level 19.3(20.0) Staves
 - Level 20.0 Bows
 * Level 19.6 Armour
 - Level 14.0 Dodging
 - Level 9.1 Stealth
 - Level 8.0 Evocations


You had 26 spell levels left.
You didn't know any spells.

Dungeon Overview and Level Annotations

Branches:
Dungeon (15/15)            Temple (0/1) D:4            Lair (6/6) D:8
 Shoals (4/4) Lair:3        Snake (4/4) Lair:4        Slime (0/5) Lair:5
    Orc (2/2) D:11            Elf (3/3) Orc:2        Vaults (5/5) D:14
  Crypt (0/3) Vaults:2     Depths (5/5) D:15            Zot (0/5) Depths:5

Altars:
Ashenzari
Cheibriados
Dithmenos
Hepliaklqana
Kikubaaqudgha
Makhleb
Okawaru
Qazlal
Ru
Vehumet
Xom
Yredelemnul
Zin
The Shining One
Lugonu

Shops:
D:8 :   Orc:2 *([:   Elf:2 %:%   Snake:1 ?   Vaults:2 [

Portals:
Hell: Lair:6 Depths:1 Depths:2 Depths:3 Depths:4 Depths:5
Abyss: Depths:1 Depths:4 Depths:5
Pandemonium: Depths:3
Ziggurat: Depths:2

Annotations:
D:13 exclusion: oklob sapling
Lair:4 exclusion: 2 oklob plants
Elf:2 1 runed door
Depths:5 6 runed doors
Abyss:1 Blork the orc


Innate Abilities, Weirdness & Mutations

You are resistant to torment.
Your stone body is resilient. (AC +20)
You are immune to poison.
Your large and strong wings let you fly indefinitely.
You resist negative energy. (rN+)
You are resistant to electric shocks. (rElec)
You can survive without breathing.
You are immune to petrification.
You are immune to rotting.
You are clumsy. (Dex -2)


Message History

The ironbrand convoker points at the ironheart preserver and mumbles some strange words.
The ironheart preserver seems to grow stronger.
The vault sentinel blows a loud note on a signal horn!
The vault guard hits you but does no damage.
The ironbrand convoker points at the vault sentinel and mumbles some strange words.
The vault sentinel seems to grow stronger.
You hear a shout! x7
A phantasmal warrior and an ironbrand convoker come into view.
The ironbrand convoker is wielding a dire flail of crushing.
You open the vault guard like a pillowcase!!!
The lost soul assumes the form of the vault guard and becomes anchored to this world!
The ironbrand convoker seems less brilliant.
The ironheart preserver casts a spell.
The ironheart preserver is healed somewhat.
The deep elf high priest prays to its god.
The deep elf high priest begins emitting a brilliant aura!
The ironbrand convoker is empowered by the deep elf high priest's aura!
The stone giant hits you but does no damage.
The phantasmal warrior blinks! x2; The golden dragon bites you!
You die...

#####....#p#
...#....#.###
........e..
####........###
.......C.......
.....§.Oee.....
......CpDD.....
.....pp@pQe....
####.eppC*..###
§....Wepp....#
..##.#.§..#.#.#
$ #.#....# .#.
. #....# .# !
#....# # #[
#..W.#


You could see a shadow dragon, an ironheart preserver, a golden dragon, 2 fire
giants, a stone giant, a vault warden, a tengu reaver, a ghostly vault guard, a
deep elf death mage, a two-headed ogre, 3 vault sentinels, 2 deep elf archers, 3
deep elf high priests, 2 phantasmal warriors, 3 ironbrand convokers and a
battlesphere.

Vanquished Creatures
  Mara (Depths:2)
  A caustic shrike (Depths:2)
  4 golden dragons
  the Enchantress (Depths:4)
  A Tzitzimitl (Depths:3)
  3 bone dragons (Depths:5)
  Jorgrun (Shoals:2)
  3 liches
  A titan (Vaults:4)
  3 deep elf blademasters
  2 quicksilver dragons (Depths:4)
  The ghost of DildoBatman the Bewitcher, an adept FoEn of Sif Muna (Snake:4)
  A kraken (Shoals:4)
  Agnes (Snake:1)
  3 sphinxes
  A storm dragon (shapeshifter) (Depths:5)
  5 shadow dragons
  Donald (Snake:1)
  5 tengu reavers
  Roxanne (Snake:3)
  8 fire giants
  4 storm dragons
  Ilsuiw (Shoals:4)
  6 nagarajas (Snake:4)
  An iron dragon (Depths:2)
  Aizul (Snake:1)
  8 frost giants
  7 deep elf sorcerers
  A draconian scorcher (Depths:5)
  7 vault wardens
  An orc warlord (Orc:2)
  2 draconian knights (Depths:5)
  A balrug (Depths:3)
  4 deep elf elementalists
  12 ironheart preservers
  A ghoul (Vaults:1)
  An entropy weaver (Vaults:4)
  5 spriggan defenders
  16 stone giants
  A stone giant (shapeshifter) (Depths:2)
  22 very ugly things
  2 green draconians (Depths:5)
  6 vampire knights
  2 deep elf demonologists
  4 yellow draconians (Depths:5)
  Nessos (D:15)
  4 black draconians (Depths:5)
  A purple draconian (Depths:5)
  2 white draconians (Depths:5)
  2 red draconians (Depths:5)
  11 deep elf annihilators
  A dire elephant (Lair:6)
  A spark wasp (Depths:2)
  6 merfolk javelineers
  4 deep elf death magi
  2 blizzard demons (IceCv)
  8 ettins
  9 fire dragons
  5 great orbs of eyes
  2 jiangshi (Abyss:3)
  5 merfolk impalers
  6 deep elf high priests
  13 ice dragons
  16 yaktaur captains
  11 rakshasas
  The ghost of hofbold the Covert, a journeyman NaTm of Qazlal (Lair:1)
  5 hydras
  34 vault guards
  11 centaur warriors
  21 naga warriors
  6 spriggan air magi
  An alligator snapping turtle (Shoals:2)
  3 merfolk avatars
  2 death knights
  A catoblepas (D:15)
  7 anacondas
  19 ogre magi
  26 dancing weapons
  9 merfolk aquamancers
  12 death yaks
  58 two-headed ogres
  6 deep troll shamans
  15 spriggan berserkers
  4 shock serpents
  5 orc high priests
  3 satyrs
  9 tengu warriors
  6 deep troll earth magi
  2 vampire magi
  A shock serpent (shapeshifter) (Depths:2)
  16 deep elf knights
  11 naga sharpshooters
  3 sun demons
  5 shadow wraiths
  3 iron trolls (Depths:4)
  9 salamander mystics
  7 skeletal warriors
  15 hell knights
  6 sea snakes
  3 shadow demons (Depths:3)
  25 deep trolls
  A golden dragon zombie (D:15)
  4 unseen horrors
  10 deep elf archers
  4 lindwurms (Snake:4)
  7 flayed ghosts
  4 glowing orange brains
  5 wizards
  11 harpies
  6 naga ritualists
  19 orc knights
  8 necromancers
  13 ironbrand convokers
  13 mana vipers
  A sphinx zombie (Vaults:3)
  A mana viper (shapeshifter) (Vaults:1)
  22 ugly things
  A phantasmal warrior (Vaults:1)
  A stone giant zombie (D:15)
  52 deep elf magi
  17 fauns
  A salamander (shapeshifter) (Vaults:3)
  5 orc sorcerers (Orc:2)
  A faun (shapeshifter) (Depths:3)
  14 manticores
  A moth of wrath (shapeshifter) (Depths:1)
  A manticore (shapeshifter) (Depths:3)
  9 cyclopes
  An elephant (Lair:6)
  15 salamanders
  A stone giant skeleton (Vaults:1)
  A black mamba (shapeshifter) (Vaults:4)
  2 water nymphs (shapeshifter)
  15 merfolk sirens
  2 tengu skeletons (Vaults:1)
  13 vault sentinels
  43 black mambas
  A guardian serpent (shapeshifter) (Vaults:4)
  A smoke demon (Lair:6)
  An ice statue (IceCv)
  2 gargoyles
  5 centaur zombies
  8 guardian serpents
  An eye of devastation (shapeshifter) (Vaults:4)
  30 naga magi
  7 water nymphs
  2 orange demons (Lair:6)
  11 spiny frogs
  7 komodo dragons
  An efreet (D:11)
  2 rime drakes (Lair:6)
  5 spectral swamp worms
  30 yaktaurs
  7 ice devils
  A yaktaur skeleton (D:15)
  4 anaconda simulacra (IceCv)
  7 freezing wraiths
  2 tengu conjurers (Depths:5)
  3 hellwings
  A golden dragon simulacrum (IceCv)
  7 large abominations
  3 harpy zombies (Shoals:2)
  A jumping spider (shapeshifter) (Depths:1)
  33 merfolk
  8 polar bears
  7 trolls
  3 red devils (Lair:6)
  14 slime creatures
  6 wind drakes
  11 hornets
  A hornet (shapeshifter) (Depths:3)
  A blink frog (shapeshifter) (Vaults:4)
  10 blink frogs (Lair:6)
  7 dream sheep
  8 hippogriffs
  A raiju (shapeshifter) (Vaults:1)
  9 snapping turtles
  A spriggan skeleton (D:15)
  A snapping turtle (shapeshifter) (Vaults:2)
  7 air elementals
  A redback (shapeshifter) (Depths:4)
  6 wraiths
  8 spriggans
  2 wyverns
  45 yaks
  2 dire elephant simulacra (IceCv)
  21 water elementals
  8 shadows
  A tarantella (shapeshifter) (D:15)
  A golden eye (shapeshifter) (Vaults:3)
  A fire bat (shapeshifter) (Vaults:3)
  A human (shapeshifter) (Vaults:3)
  A hog (shapeshifter) (Depths:2)
  3 fire elementals
  Grum (D:11)
  3 hungry ghosts
  5 chaos spawn (Depths:1)
  2 human simulacra (Vaults:3)
  4 harpy simulacra (IceCv)
  A neqoxec (Abyss:3)
  Edmund (D:4)
  Menkaure (D:6)
  2 iron troll simulacra (IceCv)
  3 acid dragons
  7 wargs
  66 nagas
  4 hell hounds
  11 water moccasins
  2 hydra simulacra (IceCv)
  The ghost of Stone the Grasshopper, an amateur SpWr (D:4)
  38 orc warriors
  A sky beast (D:10)
  A hornet zombie (D:13)
  9 porcupines
  10 black bears
  An alligator simulacrum (IceCv)
  2 phantoms
  An eye of draining (shapeshifter) (Depths:4)
  3 ice beasts
  4 small abominations
  4 wolves
  An eye of draining (D:10)
  47 ogres
  4 boggarts
  15 centaurs
  An elf skeleton (Vaults:3)
  12 crocodiles
  3 big kobolds
  28 bullfrogs
  A human skeleton (Vaults:1)
  3 earth elementals
  4 scorpions
  7 killer bees
  An electric eel (Lair:1)
  16 wights
  A howler monkey (D:11)
  3 crimson imps
  A bullfrog zombie (D:5)
  A draconian simulacrum (IceCv)
  8 hounds
  2 centaur skeletons
  3 jellies
  19 orc priests
  5 bullfrog skeletons
  An iguana (shapeshifter) (Depths:5)
  21 orc wizards
  4 hell rats (Lair:5)
  8 worker ants
  2 spriggan simulacra (IceCv)
  2 troll simulacra (IceCv)
  2 wolf simulacra (IceCv)
  A killer bee zombie (D:5)
  3 centaur simulacra (IceCv)
  A hound skeleton (D:11)
  2 mummies (Ossuary)
  14 adders
  7 gnolls
  3 ogre simulacra (IceCv)
  2 shadow imps
  5 white imps (IceCv)
  6 ufetubi
  3 oozes
  An adder skeleton (D:7)
  5 worms
  2 dart slugs
  5 leopard geckos
  103 orcs
  6 ball pythons
  3 bats
  A bat zombie (Shoals:2)
  3 giant cockroaches
  9 hobgoblins
  5 jackals
  17 kobolds
  3 quokkas
  9 frilled lizards
  3 goblins
  A goblin zombie (D:6)
  12 hobgoblin zombies (Ossuary)
  A jackal skeleton (D:7)
  3 jackal zombies (Ossuary)
  7 kobold zombies (Ossuary)
  7 orc zombies (Ossuary)
  A quokka skeleton (D:4)
  3 rats
  4 rat zombies (Ossuary)
  A crawling corpse (Elf:3)
  A fire vortex (Depths:4)
  A fungus (Lair:6)
  A plant (Shoals:1)
  2 starspawn tentacles (Abyss:3)
  A tentacle (Shoals:4)
2030 creatures vanquished.

Vanquished Creatures (collateral kills)
  A vault warden (Vaults:3)
  A deep elf sorcerer (Elf:3)
  A deep elf elementalist (Elf:3)
  3 ironheart preservers
  A deep elf annihilator (Elf:3)
  A black draconian (Depths:5)
  A merfolk javelineer (Shoals:4)
  A fire dragon (Depths:4)
  A deep elf high priest (Elf:3)
  2 naga warriors (Snake:4)
  2 hydras
  A merfolk aquamancer (Shoals:4)
  8 anacondas (Snake:4)
  A naga sharpshooter (Snake:4)
  2 shock serpents (Snake:4)
  A harpy (Vaults:2)
  2 mana vipers (Snake:4)
  A salamander (Snake:4)
  3 black mambas (Snake:4)
  2 merfolk sirens (Shoals:4)
  2 water nymphs (Shoals:4)
  5 guardian serpents (Snake:4)
  A freezing wraith (D:15)
  3 slime creatures (D:15)
  A yak (Lair:5)
  3 nagas
  5 orc warriors
  2 orcs (Orc:1)
  A crawling corpse (Elf:3)
59 creatures vanquished.

Vanquished Creatures (others)
  A deep elf master archer (Elf:3)
  2 stone giants
  A merfolk javelineer (Shoals:4)
  A spriggan air mage (Depths:5)
  A satyr (Shoals:2)
  A death yak (Lair:5)
  A dancing weapon (Elf:2)
  3 deep elf archers
  A deep elf mage (Elf:1)
  A yaktaur (Depths:5)
  A naga (Snake:1)
  2 boggarts
  A centaur zombie (Ossuary)
  3 crimson imps
  An adder (D:5)
  A hobgoblin zombie (Ossuary)
  An orc zombie (Ossuary)
  2 bushes (Lair:6)
  13 fungi
  12 plants
  7 starspawn tentacles (Abyss:3)
  4 tentacles (Shoals:4)
  A withered plant (D:15)
62 creatures vanquished.

Grand Total: 2151 creatures vanquished

Notes
Turn   | Place    | Note
-------+----------+-------------------------------------------
     0 | D:1      | bjoernd the Gargoyle Berserker began the quest for the Orb.
     0 | D:1      | Reached XP level 1. HP: 14/14 MP: 1/1
   245 | D:1      | Reached XP level 2. HP: 19/19 MP: 2/2
   853 | D:2      | Reached XP level 3. HP: 24/24 MP: 3/3
  1127 | D:2      | Reached skill level 4 in Fighting
  1141 | D:2      | Reached XP level 4. HP: 29/29 MP: 4/4
  1202 | D:1      | Reached ** piety under Trog
  1747 | D:2      | Found a burning altar of Makhleb.
  1750 | D:2      | Noticed a cacodemon
  1752 | D:2      | Found a glowing silver altar of Zin.
  1753 | D:2      | Noticed an angel
  2084 | D:3      | Reached XP level 5. HP: 27/34 MP: 5/5
  2237 | D:3      | Reached skill level 5 in Maces & Flails
  2640 | D:3      | Found a glowing drain.
  2900 | D:4      | Noticed an ogre
  2917 | D:4      | Killed an ogre
  2917 | D:4      | Reached XP level 6. HP: 40/40 MP: 6/6
  3029 | D:4      | Reached skill level 5 in Fighting
  3243 | D:4      | Reached XP level 7. HP: 44/44 MP: 7/7
  3254 | D:4      | Noticed Edmund
  3281 | D:4      | Killed Edmund
  3694 | D:4      | Found a staircase to the Ecumenical Temple.
  3713 | D:4      | Reached *** piety under Trog
  4041 | D:4      | Reached skill level 6 in Fighting
  4086 | D:4      | Noticed Stone's ghost (amateur SpWr)
  4106 | D:4      | Killed Stone's ghost
  4483 | D:5      | Entered Level 5 of the Dungeon
  4605 | D:5      | Noticed Blork the orc
  4615 | D:5      | Reached XP level 8. HP: 43/52 MP: 8/8
  4969 | D:5      | Found a stormy altar of Qazlal.
  4985 | D:5      | Reached skill level 7 in Fighting
  5160 | D:5      | Banished Blork the orc
  5628 | D:5      | Reached skill level 8 in Fighting
  6455 | D:6      | Noticed Menkaure
  6459 | D:6      | Killed Menkaure
  6488 | D:6      | Found a sand-covered staircase.
  6501 | Ossuary  | Entered an ossuary
  6621 | Ossuary  | Reached **** piety under Trog
  7281 | D:7      | Reached XP level 9. HP: 58/60 MP: 9/9
  7819 | D:7      | Reached skill level 9 in Fighting
  7884 | D:7      | Reached ***** piety under Trog
  8045 | D:8      | Found a hazy altar of Hepliaklqana.
  8046 | D:8      | Found a snail-covered altar of Cheibriados.
  8149 | D:8      | Found Kaaptu's Book Shoppe.
  8227 | D:8      | Reached skill level 10 in Maces & Flails
  8377 | D:8      | Received a gift from Trog
  8389 | D:8      | Reached skill level 10 in Fighting
  8432 | D:8      | Got a vibrating lead ring
  8503 | D:8      | Found a staircase to the Lair.
  8557 | D:8      | Identified the ring of the Townfolk {+Blink rC+ rN+ Str+3} (You found it on level 8 of the Dungeon)
  8602 | D:9      | Noticed a troll
  8615 | D:9      | Killed a troll
  8632 | D:9      | Reached XP level 10. HP: 68/68 MP: 10/10
  9046 | D:9      | Found a basalt altar of Yredelemnul.
  9295 | D:9      | Found a shattered altar of Ashenzari.
  9482 | D:10     | Entered Level 10 of the Dungeon
  9524 | D:10     | Reached skill level 5 in Armour
  9529 | D:10     | Reached skill level 5 in Staves
  9607 | D:10     | Found a sacrificial altar of Ru.
 10268 | D:11     | Noticed a cyclops
 10274 | D:11     | Noticed a gargoyle
 10440 | D:11     | Noticed a cyan ugly thing
 10454 | D:11     | Killed a cyan ugly thing
 10672 | D:11     | Found a staircase to the Orcish Mines.
 10843 | D:11     | Reached XP level 11. HP: 72/72 MP: 11/11
 11223 | D:11     | Noticed Grum
 11228 | D:11     | Killed Grum
 11228 | D:11     | Received a gift from Trog
 11666 | D:12     | Noticed a seven-headed hydra
 11690 | D:12     | Killed a seven-headed hydra
 11830 | D:12     | Noticed a brown ugly thing
 11839 | D:12     | Killed a brown ugly thing
 11846 | D:12     | Reached skill level 10 in Staves
 12279 | D:12     | Noticed a manticore
 12293 | D:12     | Killed a manticore
 12514 | D:12     | Noticed a manticore
 12525 | D:12     | Killed a manticore
 12565 | D:12     | Noticed a white ugly thing
 12580 | D:12     | Killed a white ugly thing
 12649 | D:12     | Noticed a two-headed ogre
 12661 | D:12     | Killed a two-headed ogre
 12661 | D:12     | Reached XP level 12. HP: 54/77 MP: 12/12
 13081 | Lair:1   | Entered Level 1 of the Lair of Beasts
 13107 | Lair:1   | Noticed an eight-headed hydra
 13122 | Lair:1   | Killed an eight-headed hydra
 13153 | Lair:1   | Noticed hofbold's ghost (journeyman NaTm)
 13211 | Lair:1   | Killed hofbold's ghost
 14367 | Lair:2   | Noticed a four-headed hydra
 14379 | Lair:2   | Killed a four-headed hydra
 14379 | Lair:2   | Reached skill level 11 in Fighting
 14813 | Lair:2   | Received a gift from Trog
 15313 | Lair:3   | Found a staircase to the Shoals.
 15333 | Lair:3   | Reached skill level 10 in Armour
 15729 | Lair:3   | Noticed a seven-headed hydra
 15766 | Lair:3   | Reached XP level 13. HP: 45/85 MP: 13/13
 15807 | Lair:3   | Reached skill level 12 in Fighting
 16911 | Lair:4   | Found a staircase to the Snake Pit.
 17420 | Lair:5   | Found a staircase to the Slime Pits.
 17435 | Lair:5   | Reached skill level 13 in Fighting
 17682 | Lair:5   | Found a glowing golden altar of the Shining One.
 18120 | Lair:6   | Entered Level 6 of the Lair of Beasts
 18538 | Lair:5   | HP: 3/88 [19-headed hydra (4)]
 18881 | Lair:5   | Reached skill level 14 in Fighting
 19235 | Lair:6   | Found a shimmering altar of Xom.
 19302 | Lair:6   | Reached skill level 1 in Stealth
 19334 | Lair:5   | Gained mutation: Your large and strong wings let you fly indefinitely. [Gargoyle growth]
 19334 | Lair:5   | Reached XP level 14. HP: 23/96 MP: 14/14
 20262 | Lair:6   | Reached skill level 5 in Stealth
 20401 | Lair:6   | Noticed a dire elephant
 20414 | Lair:6   | Killed a dire elephant
 20581 | Lair:6   | Found a burning altar of Makhleb.
 20668 | Lair:6   | Reached skill level 15 in Fighting
 20880 | Lair:6   | Found a gateway to Hell.
 20891 | Lair:6   | Got a twitching glass ring
 20917 | Lair:6   | Identified the ring "Gofo Rag" {rC- MP+9 Slay+3 SInv} (You found it on level 6 of the Lair of Beasts)
 21420 | Orc:1    | Entered Level 1 of the Orcish Mines
 21647 | Orc:2    | Entered Level 2 of the Orcish Mines
 22922 | Orc:2    | Received a gift from Trog
 23076 | Orc:2    | Gained mutation: You are clumsy. (Dex -2) [a neqoxec]
 23127 | Orc:2    | Received a gift from Trog
 23612 | Orc:2    | Found Gehoh's Book Boutique.
 23837 | Orc:2    | Noticed an orc warlord
 23877 | Orc:2    | Killed an orc warlord
 24159 | Orc:2    | Found Xoni's Antique Armour Shoppe.
 24167 | Orc:2    | Bought a shiny helmet for 247 gold pieces
 24232 | Orc:2    | Found Nitida's Antique Weapon Shop.
 24245 | Orc:2    | Found a shimmering altar of Xom.
 24354 | Orc:2    | Found Uduhyfy's General Store.
 24366 | Orc:2    | Bought a scroll of identify for 28 gold pieces
 24366 | Orc:2    | Bought a potion of heal wounds for 70 gold pieces
 24370 | Orc:2    | Found a staircase to the Elven Halls.
 24725 | D:13     | Reached XP level 15. HP: 103/103 MP: 15/15
 25622 | D:14     | Found a gate to the Vaults.
 25682 | D:14     | Reached skill level 16 in Fighting
 25726 | D:14     | Received a gift from Trog
 26101 | D:14     | Received a gift from Trog
 26523 | D:15     | Entered Level 15 of the Dungeon
 26981 | D:15     | Found a staircase to the Depths.
 27200 | D:15     | Noticed Nessos
 27218 | D:15     | Killed Nessos
 27218 | D:15     | Reached skill level 17 in Fighting
 27849 | Snake:1  | Entered Level 1 of the Snake Pit
 27849 | Snake:1  | Noticed Aizul
 27864 | Snake:1  | Killed Aizul
 28025 | Snake:1  | Found Yraogatu's Magic Scroll Shoppe.
 28033 | Snake:1  | Bought a scroll of enchant weapon for 97 gold pieces
 28033 | Snake:1  | Bought a scroll of enchant armour for 97 gold pieces
 28033 | Snake:1  | Bought a scroll of identify for 26 gold pieces
 28033 | Snake:1  | Bought a scroll of identify for 26 gold pieces
 28033 | Snake:1  | Bought a scroll of identify for 26 gold pieces
 28033 | Snake:1  | Bought a scroll of enchant armour for 97 gold pieces
 28144 | Snake:1  | Reached skill level 15 in Staves
 28213 | Snake:1  | Noticed Agnes
 28216 | Snake:1  | Noticed Donald
 28220 | Snake:1  | Killed Agnes
 28241 | Snake:1  | Killed Donald
 28241 | Snake:1  | Reached XP level 16. HP: 74/112 MP: 16/16
 28723 | Snake:1  | Reached skill level 1 in Bows
 28794 | Snake:1  | Received a gift from Trog
 30391 | Snake:2  | Reached skill level 5 in Bows
 30890 | Snake:2  | Found a basalt altar of Yredelemnul.
 31403 | Snake:2  | Reached skill level 15 in Armour
 31470 | Snake:3  | Noticed Roxanne
 31501 | Snake:3  | Killed Roxanne
 32268 | Snake:3  | Reached XP level 17. HP: 53/117 MP: 17/17
 32651 | Snake:4  | Entered Level 4 of the Snake Pit
 32689 | Snake:4  | Reached ****** piety under Trog
 32689 | Snake:4  | Received a gift from Trog
 33307 | Snake:4  | Noticed DildoBatman's ghost (adept FoEn)
 33395 | Snake:4  | Received a gift from Trog
 33440 | Snake:4  | Reached skill level 10 in Bows
 33834 | Snake:4  | Received a gift from Trog
 34899 | Snake:4  | Killed DildoBatman's ghost
 34964 | Snake:4  | Received a gift from Trog
 35499 | Snake:4  | Reached XP level 18. HP: 81/123 MP: 18/18
 36262 | Snake:4  | Got a serpentine rune of Zot
 36510 | Shoals:1 | Entered Level 1 of the Shoals
 36564 | Shoals:1 | Found a frozen archway.
 36627 | IceCv    | Entered an ice cave
 36707 | IceCv    | Got a fine diamond amulet
 36762 | IceCv    | Received a gift from Trog
 36909 | IceCv    | Received a gift from Trog
 36910 | IceCv    | Got an encrusted quarterstaff {god gift}
 36922 | IceCv    | Identified the +8 quarterstaff "Xameatoh" {freeze, *Corrode +Blink rC+} (Trog gifted it to you in an ice cave)
 37425 | IceCv    | Got a pair of dazzling boots
 37429 | IceCv    | Found the +3 pair of gauntlets of War {Slay+5}
 37429 | IceCv    | Got a scintillating marble ring
 37448 | IceCv    | Identified the +0 pair of boots of the Worm {rElec rF+} (You found it in an ice cave)
 38112 | Shoals:1 | Identified the amulet "Iguocuicw" {Reflect rC+ Slay+6 SH+5} (You found it in an ice cave)
 38116 | Shoals:1 | Identified the ring "Rium Cuu" {rElec rPois rN+ Str+3} (You found it in an ice cave)
 38489 | Shoals:1 | Received a gift from Trog
 38582 | Shoals:1 | Identified a scroll of acquirement
 39040 | Shoals:2 | Noticed Jorgrun
 39049 | Shoals:2 | Killed Jorgrun
 39561 | Shoals:2 | Received a gift from Trog
 40354 | Shoals:3 | Received a gift from Trog
 40360 | Shoals:3 | Reached skill level 15 in Bows
 40449 | Shoals:3 | Reached XP level 19. HP: 125/130 MP: 19/19
 40455 | Shoals:3 | Reached skill level 18 in Fighting
 41413 | Shoals:4 | Entered Level 4 of the Shoals
 41492 | Shoals:4 | Noticed Ilsuiw
 41500 | Shoals:4 | Killed Ilsuiw
 41922 | Shoals:4 | Received a gift from Trog
 42289 | Shoals:4 | Received a gift from Trog
 42641 | Shoals:4 | Received a gift from Trog
 43025 | Shoals:4 | Got a barnacled rune of Zot
 43151 | Shoals:4 | Got a vibrating pewter ring
 43225 | Shoals:4 | Identified the ring of Fixtelecre {Wiz rC+ MR+} (You found it on level 4 of the Shoals)
 43511 | Vaults:1 | Entered Level 1 of the Vaults
 43842 | Vaults:1 | Received a gift from Trog
 44093 | Vaults:1 | Received a gift from Trog
 44460 | Vaults:1 | Reached skill level 19 in Fighting
 44482 | Vaults:1 | Received a gift from Trog
 44491 | Vaults:1 | Reached XP level 20. HP: 92/139 MP: 20/20
 45697 | Vaults:1 | Received a gift from Trog
 45921 | Vaults:2 | Found Ara Uqel's Antique Armour Shop.
 45933 | Vaults:2 | Bought glowing fire dragon scales for 2079 gold pieces
 46263 | Vaults:2 | Reached skill level 5 in Dodging
 46590 | Vaults:2 | Found an iron altar of Okawaru.
 46876 | Vaults:2 | Received a gift from Trog
 47101 | Vaults:2 | Reached skill level 20 in Fighting
 47297 | Vaults:2 | Reached XP level 21. HP: 119/146 MP: 21/21
 47702 | Vaults:2 | Found a staircase to the Crypt.
 47702 | Vaults:2 | Found a basalt altar of Yredelemnul.
 47703 | Vaults:2 | Found an ancient bone altar of Kikubaaqudgha.
 48032 | Vaults:3 | Received a gift from Trog
 48581 | Vaults:3 | Received a gift from Trog
 48908 | Vaults:3 | Received a gift from Trog
 49518 | Vaults:3 | Received a gift from Trog
 50076 | Vaults:4 | Received a gift from Trog
 50091 | Vaults:4 | Reached skill level 10 in Dodging
 51080 | Vaults:4 | Received a gift from Trog
 51796 | Vaults:4 | Received a gift from Trog
 52031 | Vaults:4 | Reached skill level 21 in Fighting
 52031 | Vaults:4 | Reached XP level 22. HP: 155/155 MP: 22/22
 52732 | Elf:1    | Entered Level 1 of the Elven Halls
 52757 | Elf:1    | Found a radiant altar of Vehumet.
 52902 | Elf:1    | Received a gift from Trog
 53829 | Elf:1    | Found an ancient bone altar of Kikubaaqudgha.
 54113 | Elf:2    | Found Bikhlycla's Food Shoppe.
 54205 | Elf:2    | Found Niothraso's Food Boutique.
 54341 | Elf:2    | Found a runed door.
 54364 | Elf:2    | Found a runed door.
 54395 | Elf:2    | Received a gift from Trog
 54675 | Elf:2    | Found Ceisale's Book Boutique.
 55652 | Elf:3    | Entered Level 3 of the Elven Halls
 56068 | Elf:3    | Received a gift from Trog
 56862 | Elf:3    | Received a gift from Trog
 57018 | Elf:3    | Got a polished great mace {flame}
 57019 | Elf:3    | Identified the cursed +1 great mace of Tumult {flame, *Corrode rC+ Str+4} (You took it off a deep elf sorcerer on level 3 of the Elven Halls)
 57068 | Elf:3    | Identified the Volume of Enthralling Cold
 57146 | Elf:3    | Received a gift from Trog
 57588 | Depths:1 | Entered Level 1 of the Depths
 57600 | Depths:1 | Reached XP level 23. HP: 149/161 MP: 23/23
 57795 | Depths:1 | Reached skill level 22 in Fighting
 58058 | Depths:1 | Cast into level 3 of the Abyss (a lich)
 58136 | Abyss:3  | Reached skill level 1 in Evocations
 58260 | Abyss:3  | Found a corrupted altar of Lugonu.
 58291 | Abyss:3  | Paralysed by accursed screaming for 1 turns
 58340 | Depths:1 | Escaped the Abyss
 58358 | Depths:1 | HP: 3/162 [phantasmal warrior[a lich] (19)]
 58895 | Depths:1 | Found a corrupted altar of Lugonu.
 59516 | Depths:1 | Received a gift from Trog
 59692 | Depths:1 | Found a one-way gate to the infinite horrors of the Abyss.
 59842 | Depths:2 | Noticed Mara
 59852 | Depths:2 | Noticed bjoernd's illusion
 59862 | Depths:2 | Killed Mara
 59862 | Depths:2 | Reached skill level 5 in Evocations
 60187 | Depths:2 | Found the +8 Wrath of Trog {antimagic, *Rage}
 60528 | Depths:2 | Found a gateway to a ziggurat.
 60569 | Depths:2 | Received a gift from Trog
 60630 | Depths:2 | Noticed a golden dragon
 60630 | Depths:2 | Received a gift from Trog
 60635 | Depths:2 | Killed a golden dragon
 60819 | Depths:2 | Noticed a caustic shrike
 60833 | Depths:2 | Killed a caustic shrike
 61657 | Depths:3 | Found the +5 robe of Night {Dark MR+ SInv}
 61666 | Depths:3 | Reached XP level 24. HP: 168/168 MP: 28/28
 61707 | Depths:3 | Reached XP level 25. HP: 173/173 MP: 29/29
 61988 | Depths:3 | Received a gift from Trog
 62365 | Depths:3 | Received a gift from Trog
 62367 | Depths:3 | Got an ancient longbow {god gift}
 62368 | Depths:3 | Identified the +5 longbow of the Shining Light {flame, *Slow rElec rN+++ Stlth-} (Trog gifted it to you on level 3 of the Depths)
 62956 | Depths:3 | Found a one-way gate leading to the halls of Pandemonium.
 62956 | Depths:3 | Found a shadowy altar of Dithmenos.
 63550 | Depths:3 | Got a slimy wooden ring
 63552 | Depths:3 | Identified the ring of Oveshia {SInv Stlth+} (You found it on level 3 of the Depths)
 63745 | Depths:4 | Received a gift from Trog
 64216 | Depths:3 | Received a gift from Trog
 64504 | Depths:4 | Noticed the Enchantress
 64556 | Depths:4 | Killed the Enchantress
 65057 | Depths:4 | Received a gift from Trog
 65855 | Depths:5 | Entered Level 5 of the Depths
 66098 | Depths:5 | Reached XP level 26. HP: 115/179 MP: 29/29
 66766 | Depths:5 | Received a gift from Trog
 67211 | Depths:5 | Found a runed door.
 67300 | Depths:5 | Found a runed door.
 67300 | Depths:5 | Found a runed door.
 67319 | Depths:5 | Found a runed door.
 67436 | Depths:5 | Noticed a juggernaut
 67437 | Depths:5 | a juggernaut changed into a shadow dragon
 67476 | Depths:5 | Received a gift from Trog
 68346 | Depths:5 | Found a runed door.
 68389 | Depths:5 | Found a runed door.
 68427 | Depths:5 | Found a gate to the Realm of Zot.
 68833 | Vaults:5 | Entered Level 5 of the Vaults
 69228 | Vaults:5 | Paralysed by a sphinx for 5 turns
 69470 | Vaults:4 | Reached XP level 27. HP: 118/186 MP: 29/29
 69657 | Vaults:5 | HP: 9/186 [vault warden/dire flail of crushing (2)]
 69659 | Vaults:5 | HP: 3/186 [vault warden/dire flail of crushing (8)]
 69659 | Vaults:5 | HP: 1/186 [vault warden/dire flail of crushing (2)]
 69660 | Vaults:5 | Mangled by a golden dragon

Skill      XL: |  1  2  3  4  5  6  7  8  9 10 11 12 13 14 15 16 17 18 19 20 21 22 23 24 25 26 |
---------------+-------------------------------------------------------------------------------+-----
Maces & Flails | 4 5 6 7 8 10 | 10.0
Fighting       | 4 5 6 8 10 11 14 15 17 19 20 21 22 | 22.9
Armour         | 3 7 8 10 12 13 15 16 19 | 19.6
Staves         | 2 7 11 12 13 15 16 18 19 | 19.3
Stealth        | 2 7 8 9 |  9.1
Bows           | 8 13 15 16 19 20 | 20.0
Dodging        | 7 11 13 14 | 14.0
Evocations     | 7 8 |  8.0

Action                   |  1- 3 |  4- 6 |  7- 9 | 10-12 | 13-15 | 16-18 | 19-21 | 22-24 | 25-27 || total
-------------------------+-------+-------+-------+-------+-------+-------+-------+-------+-------++-------
Melee: Mace              |    98 |   216 |    19 |       |       |       |       |       |       ||   333
       Flail             |       |       |   354 |       |       |       |       |       |       ||   354
       Quarterstaff      |       |       |    16 |   695 |   283 |    89 |       |       |       ||  1083
       Great sword       |       |       |       |     4 |       |       |       |       |       ||     4
       Lajatang          |       |       |       |    56 |  1015 |   979 |   786 |   318 |   824 ||  3978
       Dire flail        |       |       |       |       |       |       |    36 |       |       ||    36
       Great mace        |       |       |       |       |       |       |       |    64 |       ||    64
 Fire: Longbow           |       |       |       |       |       |   534 |   612 |   558 |   569 ||  2273
Throw: Tomahawk          |       |       |       |       |       |     7 |       |       |       ||     7
Invok: Berserk           |       |     2 |     1 |       |     1 |     3 |     2 |       |     1 ||    10
       Burn Spellbooks   |       |       |     2 |     3 |     4 |     4 |       |     3 |     6 ||    22
       Trog's Hand       |       |       |       |     6 |    10 |    12 |    18 |     6 |    16 ||    68
       Brothers in Arms  |       |       |       |       |     5 |     8 |    13 |     2 |     2 ||    30
 Abil: Fly               |       |       |       |       |       |     1 |       |       |       ||     1
Evoke: Wand              |       |       |       |       |       |       |     3 |     1 |       ||     4
  Use: Scroll            |     6 |     3 |    17 |     7 |    17 |     8 |    15 |    22 |     7 ||   102
       Potion            |       |       |       |       |     4 |     7 |     3 |     4 |     1 ||    19
 Stab: Sleeping          |       |       |       |       |       |       |     2 |     1 |       ||     3
  Eat: Ration            |       |     2 |     4 |     4 |    13 |    11 |    10 |     8 |     9 ||    61
       Chunk             |       |     3 |     7 |    12 |     3 |    13 |    16 |     7 |     4 ||    65
Armor: Animal skin       |     9 |       |       |       |       |       |       |       |       ||     9
       Chain mail        |    45 |   123 |   158 |       |       |       |       |       |       ||   326
       Plate armour      |       |       |    57 |   664 |  1336 |  1282 |   434 |       |       ||  3773
       Fire dragon scale |       |       |       |       |       |       |   330 |   364 |   988 ||  1682
Dodge: Dodged            |    51 |   111 |   121 |   281 |   600 |   511 |   446 |   269 |   879 ||  3269
Block: Other             |       |       |       |       |       |    33 |   175 |   100 |   142 ||   450
       Reflection        |       |       |       |       |       |    10 |    30 |     7 |    13 ||    60
       Rpst.: Great sword |       |       |       |     1 |       |       |       |       |       ||     1
